 Dungeon Crawl Stone Soup version 0.22-a0-422-g9628fc8 (webtiles) character file.

2122 Borgoz the Chopper (level 9, -2/55 HPs)
             Began as a Gargoyle Abyssal Knight on May 19, 2018.
             Was an Elder of Lugonu.
             Slain by an orc warrior
             ... wielding a +0 dire flail
              (12 damage)
             ... on level 6 of the Dungeon.
             The game lasted 00:11:41 (6013 turns).

Borgoz the Chopper (Gargoyle Abyssal Knight)        Turns: 6013, Time: 00:11:42

Health: -2/55      AC: 14    Str: 20    XL:     9   Next: 29%
Magic:  12/12      EV: 14    Int: 14    God:    Lugonu [****..]
Gold:   407        SH:  0    Dex: 12    Spells: 8/8 levels left

rFire    + + .     SeeInvis .   a - +1 hand axe
rCold    + . .     Gourm    .   (no shield)
rNeg     + + .     Faith    .   g - +0 leather armour (curse)
rPois    ∞         Spirit   .   o - +1 helmet of the Ageless Runes {rC+ Str+3}
rElec    +         Reflect  .   (no cloak)
rCorr    .         Harm     .   (no gloves)
MR       .....                  n - +1 pair of boots
Stlth    +.........             j - amulet of rage
HPRegen  0.18/turn              u - ring of Kikubaaqudgha's Envy {rF++ rN+ Str+2}
MPRegen  0.13/turn              (no ring)

@: no status effects
A: negative energy resistance 1, electricity resistance, unbreathing,
petrification resistance, rot immunity, AC +6
a: Depart the Abyss, Bend Space, Banish, Corrupt, Renounce Religion, Evoke
Berserk Rage


You were on level 6 of the Dungeon.
You worshipped Lugonu.
Lugonu was greatly pleased with you.
You were not hungry.

You visited 2 branches of the dungeon, and saw 7 of its levels.
You visited the Abyss 1 time.

You collected 407 gold pieces.

Inventory:

Hand Weapons
 a - a +1 hand axe (weapon)
 i - a +2 quarterstaff of chaos
Missiles
 v - a throwing net (quivered)
Armour
 g - a cursed +0 leather armour (worn)
 n - a +1 pair of boots (worn)
 o - the +1 helmet of the Ageless Runes (worn) {rC+ Str+3}
   (You took it off Robin on level 2 of the Dungeon)

   It affects your strength (+3).
   It protects you from cold.
Jewellery
 j - an amulet of rage (around neck)
 m - an uncursed amulet of regeneration
 u - the ring of Kikubaaqudgha's Envy (left hand) {rF++ rN+ Str+2}
   (You found it on level 4 of the Dungeon)

   [ring of strength]

   It affects your strength (+2).
   It greatly protects you from fire.
   It protects you from negative energy.
Wands
 r - a wand of paralysis (14)
 x - a wand of digging (7)
Scrolls
 b - a scroll of vulnerability {unknown}
 d - 6 scrolls of remove curse
 k - 4 scrolls of teleportation
 l - 3 scrolls of immolation {unknown}
 p - 2 scrolls of fog {unknown}
 s - 2 scrolls of magic mapping
 t - a scroll of enchant armour {unknown}
 w - a scroll of enchant weapon {unknown}
 y - a scroll of identify
Potions
 e - 4 potions of curing
 f - 5 potions of haste
 q - a potion of mutation
 z - a potion of cancellation {unknown}
Comestibles
 c - 14 rations


   Skills:
 + Level 5.7 Fighting
 * Level 5.8 Axes
 + Level 4.9 Armour
 * Level 5.1 Dodging
 + Level 4.8 Invocations
 + Level 3.3 Evocations


You had 8 spell levels left.
You didn't know any spells.
Your spell library contained the following spells:

 Spells                   Type           Power        Failure   Level  Hunger
 Magic Dart               Conj           #...         32%         1    ##.....
 Iskenderun's Mystic Bla  Conj           #.......     97%         4    #####..
 Spider Form              Tmut/Pois      #.........   69%         3    ####...
 Blade Hands              Tmut           #.........   100%        5    ######.
 Ice Form                 Ice/Tmut       #.......     97%         4    #####..
 Sticks to Snakes         Tmut           #.......     45%         2    ###....
 Beastly Appendage        Tmut           #.....       32%         1    ##.....
 Fulminant Prism          Conj/Hex       #.........   97%         4    #####..
 Dazzling Spray           Conj/Hex       #.....       69%         3    ####...
 Force Lance              Conj/Tloc      #.......     97%         4    #####..
 Searing Ray              Conj           #.....       45%         2    ###....


Dungeon Overview and Level Annotations

Branches:
Dungeon (6/15)             Temple (1/1) D:6

Altars:
Ashenzari
Cheibriados
Dithmenos
Elyvilon
Fedhas
Gozag
Hepliaklqana
Kikubaaqudgha
Makhleb
Nemelex Xobeh
Okawaru
Qazlal
Ru
Sif Muna
Trog
Uskayaw
Vehumet
Wu Jian
Xom
Zin
The Shining One

Shops:
D:5 %   D:6 *

Annotations:
D:6 torrenera's ghost, novice DECj


Innate Abilities, Weirdness & Mutations

You are resistant to torment.
Your stone body is resilient. (AC +6)
You are immune to poison.
You resist negative energy. (rN+)
You are resistant to electric shocks. (rElec)
You can survive without breathing.
You are immune to petrification.
You are immune to rotting.


Message History

You miss torrenera's ghost. You closely miss the orc warrior.
Torrenera's ghost barely misses you.
You closely miss torrenera's ghost. You hit the orc warrior.
The orc warrior barely misses you.
Torrenera's ghost hits you but does no damage.
You barely miss torrenera's ghost.
You hit the orc warrior but do no damage.
The orc warrior hits you with a dire flail!
Torrenera's ghost gestures at you while chanting.
The magic dart hits you!
You barely miss torrenera's ghost. You hit the orc warrior.
The orc warrior misses you. Torrenera's ghost barely misses you.
You hit torrenera's ghost.
Torrenera's ghost is lightly damaged.
You hit the orc warrior.
The orc warrior hits you with a dire flail!
* * * LOW HITPOINT WARNING * * *
Torrenera's ghost hits you but does no damage.
The orc warrior hits you with a dire flail!
You die...

#............#
#########...^........#
#........#.##........#
#........#.##........#
#........#.###########
#...)......#.......#
#........###.......#
#..................#
#........###....@..# #####
###########......oW##......
#........o.......
#.####.####...... #% ...#
..... ########### ###.
#.......<# #.#########
#.........#


You could see an orc warrior, torrenera's ghost and an orc.

Vanquished Creatures
  The ghost of Curus the Insei, a novice MfTm (D:5)
  Sigmund (D:2)
  Menkaure (D:4)
  The ghost of Gorice the Cutter, an amateur DEWn of Vehumet (D:3)
  Duvessa (D:6)
  An ice beast (D:6)
  A sky beast (D:5)
  A centaur (D:6)
  A bullfrog (D:6)
  Dowan (D:6)
  A scorpion (D:4)
  4 wights (D:5)
  A crimson imp (D:5)
  8 orc wizards
  Crazy Yiuf (D:2)
  3 orc priests (D:6)
  A hound (D:4)
  A centaur skeleton (D:4)
  An iguana (D:4)
  2 worker ants
  2 worker ant zombies (D:5)
  Robin (D:2)
  4 gnolls
  8 adders
  2 oozes
  An adder skeleton (D:3)
  3 dart slugs
  A leopard gecko (D:2)
  14 orcs
  5 bats
  5 giant cockroaches
  19 goblins
  3 hobgoblins
  7 jackals
  6 quokkas
  A ball python (D:3)
  4 frilled lizards
  6 kobolds
  5 rats
  A fungus (D:1)
131 creatures vanquished.

Notes
Turn   | Place    | Note
-------+----------+-------------------------------------------
     0 | Abyss:1  | Borgoz the Gargoyle Abyssal Knight began the quest for the Orb.
     0 | Abyss:1  | Reached XP level 1. HP: 14/14 MP: 2/2
    36 | Abyss:1  | Noticed a large abomination
    51 | Abyss:1  | Noticed a raiju
    52 | D:1      | Escaped the Abyss
   358 | D:1      | Reached * piety under Lugonu
   358 | D:1      | Reached skill level 1 in Dodging
   487 | D:1      | Reached XP level 2. HP: 19/19 MP: 3/3
  1221 | D:2      | Reached XP level 3. HP: 22/23 MP: 4/4
  1316 | D:2      | Noticed Sigmund
  1322 | D:2      | Killed Sigmund
  1322 | D:2      | Reached skill level 1 in Evocations
  1322 | D:2      | Reached XP level 4. HP: 29/29 MP: 5/5
  1322 | D:2      | Reached XP level 5. HP: 33/33 MP: 6/6
  1580 | D:2      | Found a runed door.
  1724 | D:2      | Reached ** piety under Lugonu
  1818 | D:2      | Noticed Robin
  1839 | D:2      | Reached XP level 6. HP: 27/38 MP: 8/8
  1843 | D:2      | Killed Robin
  1845 | D:2      | Got a translucent helmet
  2052 | D:2      | Noticed Crazy Yiuf
  2058 | D:2      | Killed Crazy Yiuf
  2117 | D:2      | Identified the +1 helmet of the Ageless Runes {rC+ Str+3} (You took it off Robin on level 2 of the Dungeon)
  2165 | D:3      | Noticed Gorice's ghost (amateur DEWn)
  2192 | D:3      | Found a shattered altar of Ashenzari.
  2331 | D:3      | Killed Gorice's ghost
  2911 | D:4      | Reached XP level 7. HP: 30/43 MP: 9/9
  3058 | D:4      | Reached *** piety under Lugonu
  3460 | D:4      | Got an ancient amber ring
  3461 | D:4      | Identified the ring of Kikubaaqudgha's Envy {rF++ rN+ Str+2} (You found it on level 4 of the Dungeon)
  3524 | D:4      | Noticed Menkaure
  3532 | D:4      | Killed Menkaure
  3907 | D:5      | Entered Level 5 of the Dungeon
  3907 | D:5      | Found an ornate altar of the Wu Jian Council.
  3907 | D:5      | Found a shimmering altar of Xom.
  3907 | D:5      | Found a snail-covered altar of Cheibriados.
  3908 | D:5      | Noticed Curus's ghost (novice MfTm)
  4152 | D:5      | Reached XP level 8. HP: 48/48 MP: 10/10
  4254 | D:5      | Reached skill level 5 in Fighting
  4275 | D:5      | Found Nagolec's Food Shoppe.
  4293 | D:5      | Found a glowing golden altar of the Shining One.
  4349 | D:5      | Killed Curus's ghost
  4349 | D:5      | Reached skill level 5 in Axes
  4406 | D:5      | Found a shadowy altar of Dithmenos.
  4407 | D:5      | Found a hazy altar of Hepliaklqana.
  4933 | D:6      | Reached XP level 9. HP: 49/54 MP: 12/12
  5020 | D:6      | Found Orylekhla's General Store.
  5041 | D:6      | Noticed Duvessa
  5041 | D:6      | Noticed Dowan
  5072 | D:6      | Reached **** piety under Lugonu
  5115 | D:6      | Killed Duvessa
  5123 | D:6      | Killed Dowan
  5243 | D:6      | Reached skill level 5 in Dodging
  5445 | D:6      | Found a staircase to the Ecumenical Temple.
  5501 | Temple   | Entered the Ecumenical Temple
  5981 | D:6      | Noticed torrenera's ghost (novice DECj)
  6013 | D:6      | Slain by an orc warrior

Vault maps used:
D:1:      lemuel_arrival_broad_hall, minmay_gold_behind_fungi
D:2:      minmay_diamond_boxcup, uniq_robin, uniq_sigmund,
          uniq_crazy_yiuf_cottage
D:3:      first_ration, ashenzari_altar_1
D:4:      uniq_menkaure
D:5:      grunt_temple_overflow_open, kennysheep_mini_moat, serial_shops, shop
D:6:      minmay_temple_entry_crystal_x, serial_shops, shop, uniq_duvessa
Temple:   eino_wide_crystal_templ
Abyss:1:  evilmike_abyss_exit_16

Skill      XL: |  1  2  3  4  5  6  7  8  9 |
---------------+----------------------------+-----
Dodging        | 1 2 3 4 5 |  5.1
Axes           | 2 3 4 5 |  5.8
Evocations     | 1 2 3 |  3.3
Armour         | 3 4 |  4.9
Fighting       | 4 5 |  5.7
Invocations    | 3 4 |  4.8

Action                   |  1- 3 |  4- 6 |  7- 9 || total
-------------------------+-------+-------+-------++-------
Melee: Hand axe          |    80 |   180 |   410 ||   670
Invok: Depart the Abyss  |     1 |       |       ||     1
 Abil: Evoke Berserk Rag |     1 |     2 |     3 ||     6
  Use: Scroll            |       |     6 |     2 ||     8
       Potion            |       |     1 |     3 ||     4
 Stab: Invisible         |       |     3 |       ||     3
  Eat: Chunk             |     1 |     8 |    13 ||    22
Armor: Leather armour    |    28 |    79 |   217 ||   324
Dodge: Dodged            |    35 |   150 |   291 ||   476

Table legend:
 A = Spawn XP
 B = Non-spawn XP
 C = Spawn XP percentage of total XP
 D = Spawn monster count
 E = Non-spawn monster count
 F = Spawn count percentage of total count
 G = Total turns spent on level
                    A         B        C        D         E        F      G
               +---------+---------+-------+---------+---------+-------+---------
         Total |       0 |    3032 |   0.0 |       0 |     130 |   0.0 |  6013
               +---------+---------+-------+---------+---------+-------+---------
           D:1 |       0 |      33 |   0.0 |       0 |      16 |   0.0 |  1155
           D:2 |       0 |     344 |   0.0 |       0 |      33 |   0.0 |   914
           D:3 |       0 |     218 |   0.0 |       0 |      22 |   0.0 |   732
           D:4 |       0 |     601 |   0.0 |       0 |      19 |   0.0 |  1261
           D:5 |       0 |    1042 |   0.0 |       0 |      22 |   0.0 |   708
           D:6 |       0 |     794 |   0.0 |       0 |      18 |   0.0 |  1142
               +---------+---------+-------+---------+---------+-------+---------
